 Dungeon Crawl Stone Soup version 0.28-a0-643-g84cb2ea78e (webtiles) character file.

Game seed: 9651750658127760081

89 timneilson the Slasher (level 4, -4/34 HPs)
             Began as a Demonspawn Gladiator on Oct 10, 2021.
             Killed by divine providence
             ... invoked by an orc priest
              (11 damage)
             ... on level 3 of the Dungeon.
             The game lasted 00:05:19 (2782 turns).

timneilson the Slasher (Demonspawn Gladiator)       Turns: 2782, Time: 00:05:20

Health: -4/34      AC:  7    Str: 15    XL:     4   Next: 31%
Magic:  4/4        EV: 12    Int:  9    God:
Gold:   100        SH:  0    Dex: 15    Spells: 3/3 levels left

rFire   . . .      SeeInvis .   a - +0 long sword
rCold   . . .      Faith    .   (no shield)
rNeg    . . .      Spirit   .   i - +0 scale mail
rPois   .          Reflect  .   c - +0 helmet
rElec   .          Harm     .   (no cloak)
rCorr   .          Rampage  .   (no gloves)
Will    .....                   (no boots)
Stlth   ..........              (no amulet)
HPRegen 0.11/turn               (no ring)
MPRegen 0.09/turn               (no ring)

@: no status effects
A: repulsion field 1
a: no special abilities


You were on level 3 of the Dungeon.
You visited 1 branch of the dungeon, and saw 3 of its levels.

You collected 100 gold pieces.

Inventory:

Hand Weapons
 a - a +0 long sword (weapon)
Missiles
 d - 3 throwing nets (quivered)
Armour
 c - a +0 helmet (worn)
 f - a +0 chain mail
 i - a +0 scale mail (worn)
Wands
 k - a wand of flame (17)
Scrolls
 b - a scroll of identify
 e - 2 scrolls of teleportation
 h - a scroll of fear
Potions
 j - a potion of resistance


   Skills:
 + Level 2.5 Fighting
 * Level 3.5 Long Blades
 - Level 1.7 Throwing
 * Level 1.9 Armour
 + Level 3.1 Dodging


You had 3 spell levels left.
You didn't know any spells.
Your spell library was empty.

Dungeon Overview and Level Annotations

Branches:
Dungeon (3/15)

Altars:


Innate Abilities, Weirdness & Mutations

You are surrounded by a mild repulsion field. (EV +2)


Message History

a +0 dagger; a goblin corpse An endoplasm comes into view.
You hear the quick rusting of a very distant drain.
The endoplasm quivers.
The endoplasm barely misses you.
You hit the endoplasm.
The endoplasm is heavily wounded.
The endoplasm freezes you.
You are frozen.
You hit the endoplasm.
You kill the endoplasm!
An orc priest comes into view. It is wielding a +0 club.
The orc priest shouts!
An orc comes into view. It is wielding a +0 flail.
The orc shouts!
An orc comes into view. It is wielding a +0 mace.
The orc shouts!
You barely miss the orc priest.
The orc priest calls down the wrath of Beogh upon you.
Pain shoots through your body!
The orc priest calls down the wrath of Beogh upon you.
Beogh smites you!
You hit the orc priest.
The orc priest is moderately wounded.
You closely miss the orc. You barely miss the orc. The orc barely misses you.
You feel better. The orc hits you but does no damage.
You hit the orc but do no damage. The orc hits you but does no damage. x2
You barely miss the orc.
The orc priest invokes the aid of Beogh against you.
Beogh smites you!
* * * LOW HITPOINT WARNING * * *
The orc closely misses you.
You hit the orc.
You kill the orc!
You hit the orc priest.
The orc priest is heavily wounded.
The orc priest calls down the wrath of Beogh upon you.
Beogh smites you!
You die...

#.# #.# #.# #.# #.# #.#
#.#
#####################.##
.....oo@................
########################


You could see an orc priest and an orc.

Vanquished Creatures
  Jessica (D:2)
  An adder (D:3)
  A dart slug (D:1)
  2 orcs (D:3)
  3 endoplasms
  2 giant cockroaches
  4 hobgoblins
  4 jackals (D:1)
  2 kobolds
  3 quokkas
  5 ball pythons (D:1)
  5 bats
  3 frilled lizards
  6 goblins
  3 rats (D:1)
45 creatures vanquished.

Notes
Turn   | Place    | Note
-------+----------+-------------------------------------------
     0 | D:1      | timneilson the Demonspawn Gladiator began the quest for the
                  | Orb.
     0 | D:1      | Reached XP level 1. HP: 16/16 MP: 1/1
   222 | D:1      | Gained mutation: You are surrounded by a mild repulsion
                  | field. (EV +2) [demonic ancestry]
   222 | D:1      | Reached XP level 2. HP: 22/22 MP: 2/2
   462 | D:1      | Found a faded altar of an unknown god.
   646 | D:1      | Reached skill level 1 in Armour
  1365 | D:2      | Noticed Jessica
  1373 | D:2      | Reached XP level 3. HP: 24/27 MP: 3/3
  1385 | D:2      | Killed Jessica
  2414 | D:3      | Reached XP level 4. HP: 30/34 MP: 4/4
  2782 | D:3      | Killed from afar by an orc priest

Illustrated notes

Levels and vault maps discovered:
D:1:      amcnicky_arrival_abandoned_market, layout_basic,
          hellmonk_ecumenical_altar_leap_of_faith, interstate_on_off
D:2:      layout_basic, minmay_misc_feat_pillars, eino_tiny_chamber,
          hangedman_decor_push, uniq_jessica
D:3:      layout_basic, portal_sewer_entry_e

Skill      XL: |  1  2  3 |
---------------+----------+-----
Long Blades    | 3 |  3.5
Armour         | 1 |  1.9
Dodging        | 3 |  3.1
Fighting       | |  2.5
Throwing       | |  1.7

Action                   |  1- 3 |  4- 6 || total
-------------------------+-------+-------++-------
Melee: Long sword        |   119 |    42 ||   161
  Use: Scroll            |     5 |       ||     5
       Potion            |       |     1 ||     1
Armor: Leather armour    |    21 |       ||    21
       Scale mail        |    13 |    20 ||    33
Dodge: Dodged            |    95 |    20 ||   115

Table legend: (Time is in decaauts)
 A = Elapsed time spent in this place.
 B = Non-inter-level travel time spent in this place.
 C = Inter-level travel time spent in this place.
 D = Time resting spent in this place.
 E = Time spent auto-exploring this place.
 F = Levels seen in this place.
 G = Mean time per level.
                   A        B        C        D        E       F      G
               +--------+--------+--------+--------+--------+-----+--------+
         Total |   2826 |   2759 |     67 |      0 |   2171 |   3 |  942.0 |
       Dungeon |   2826 |   2759 |     67 |      0 |   2171 |   3 |  942.0 |
               +--------+--------+--------+--------+--------+-----+--------+

Top non-repeatable levels by time:
     D:1: 1266 daAuts
     D:2: 1122 daAuts
     D:3: 437 daAuts
